 Dungeon Crawl Stone Soup version 0.26.1-11-gd32895ea62 (webtiles) character file.

Game seed: 3152336042991850711

212 Mattiprrivan the Skirmisher (level 5, 0/57 HPs)
             Began as an Ogre Chaos Knight on May 12, 2021.
             Was a Plaything of Xom.
             Slain by an adder (1 damage)
             ... on level 3 of the Dungeon.
             The game lasted 00:16:30 (1646 turns).

Mattiprrivan the Skirmisher (Ogre Chaos Knight)     Turns: 1646, Time: 00:16:31

Health: 0/57       AC:  5    Str: 17    XL:     5   Next: 90%
Magic:  5/5        EV: 10    Int: 13    God:    Xom [...*..]
Gold:   157        SH:  0    Dex: 10    Spells: 4/4 levels left

rFire    + . .     SeeInvis .   a - +0 mace (chaos)
rCold    . . .     Faith    .   (no shield)
rNeg     . . .     Spirit   .   b - +2 robe
rPois    .         Reflect  .   (helmet restricted)
rElec    .         Harm     .   (no cloak)
rCorr    .         Rampage  .   (gloves unavailable)
Will     .....                  (boots unavailable)
Stlth    ++........             e - amulet of magic regeneration
HPRegen  0.19/turn              d - ring of protection from fire
MPRegen  0.34/turn              (no ring)

@: lethally poisoned (0 -> -7)
A: large, unfitting armour, thin skeletal structure 1, mutation resistance 1,
tough skin 1
a: Renounce Religion


You were on level 3 of the Dungeon.
You worshipped Xom.
You were a favourite toy of Xom.
You visited 1 branch of the dungeon, and saw 3 of its levels.

You collected 157 gold pieces.

Inventory:

Hand Weapons
 a - a +0 mace of chaos (weapon)
Missiles
 h - 18 poisoned darts (quivered)
Armour
 b - a +2 robe (worn)
Jewellery
 d - a ring of protection from fire (left hand)
 e - an amulet of magic regeneration (around neck)
Scrolls
 f - a scroll of fog


   Skills:
 * Level 5.3 Fighting
 * Level 1.4(3.0) Axes
 * Level 3.8(4.0) Maces & Flails
 * Level 0.1(1.2) Polearms
 * Level 1.2(2.9) Staves
 * Level 1.2 Throwing
 * Level 1.0 Armour
 * Level 2.7 Dodging


You had 4 spell levels left.
You didn't know any spells.
Your spell library was empty.

Dungeon Overview and Level Annotations

Branches:
Dungeon (3/15)

Altars:
Hepliaklqana
Zin


Innate Abilities, Weirdness & Mutations

You are too large for most types of armour.
You have tough skin. (AC +1)
You have a somewhat thin skeletal structure. (Dex +2, Stealth)
You are somewhat resistant to further mutation.


Message History

You feel sick. The adder bites you.
* * * LOW HITPOINT WARNING * * *
The adder bites you but does no damage.
* * * LOW HITPOINT WARNING * * *
You feel sick.
You closely miss the adder.
The adder is heavily wounded.
* * * LOW HITPOINT WARNING * * *
You feel sick. The adder barely misses you. The adder closely misses you.
You hit the adder but do no damage.
The adder is heavily wounded.
The adder bites you.
* * * LOW HITPOINT WARNING * * *
You are more poisoned.
The adder poisons you!
You barely miss the adder.
The adder is heavily wounded.
* * * LOW HITPOINT WARNING * * *
You feel sick. The adder bites you.
You die...

....... ...# ........ ..#
........#..#
.........#.####
...............
......##†..#### #
#..((S##....## #
#...#)##.##))### ###
###..Sr#@###...# #.'
#....#.#S#####.#### #.#
#....#.rS..###....#####.#
...#.####..........(......#
..... #.######.##.......#
##.# #.# #.##...†...# ...
### #.# #.#........> .. #.#
#.# #.#.......<. #.###.#
#...........


You could see 2 adders and a rat.

Vanquished Creatures
  A golden eye (shapeshifter) (D:1)
  2 adders
  An ooze (D:2)
  2 worms (D:2)
  2 dart slugs (D:2)
  2 leopard geckos
  5 orcs (D:3)
  A giant cockroach (D:3)
  6 goblins
  3 hobgoblins
  5 jackals
  6 bats
  3 frilled lizards
  4 kobolds
  3 rats
46 creatures vanquished.

Notes
Turn   | Place    | Note
-------+----------+-------------------------------------------
     0 | D:1      | Mattiprrivan the Ogre Chaos Knight began the quest for the
                  | Orb.
     0 | D:1      | Reached XP level 1. HP: 24/24 MP: 1/1
   140 | D:1      | XOM: silly message
   146 | D:1      | XOM: divination: detect creatures
   294 | D:1      | XOM: divination: magic mapping
   377 | D:1      | XOM: silly message
   407 | D:1      | Noticed a shapeshifter
   407 | D:1      | a rat changed into a shapeshifter
   407 | D:1      | XOM: polymorph rat -> shapeshifter
   407 | D:1      | Noticed a golden eye
   407 | D:1      | a shapeshifter changed into a golden eye
   413 | D:1      | XOM: confuse monster(s)
   421 | D:1      | Killed a golden eye
   422 | D:1      | Reached skill level 5 in Fighting
   422 | D:1      | Reached skill level 1 in Axes
   422 | D:1      | Reached skill level 1 in Staves
   422 | D:1      | Reached skill level 1 in Throwing
   422 | D:1      | Reached XP level 2. HP: 35/35 MP: 2/2
   422 | D:1      | Reached XP level 3. HP: 42/42 MP: 3/3
   422 | D:1      | Reached XP level 4. HP: 50/50 MP: 4/4
   422 | D:1      | Reached XP level 5. HP: 57/57 MP: 5/5
   849 | D:2      | Found a hazy altar of Hepliaklqana.
  1062 | D:2      | XOM: give mutations
  1062 | D:2      | Gained mutation: You are somewhat resistant to further
                  | mutation. [Xom's mischief]
  1062 | D:2      | Gained mutation: You have a somewhat thin skeletal
                  | structure. (Dex +2, Stealth) [Xom's mischief]
  1214 | D:2      | Reached skill level 1 in Armour
  1353 | D:2      | XOM: 1-stop teleportation journey
  1492 | D:3      | XOM: polymorph worm -> jackal
  1502 | D:3      | Found a glowing silver altar of Zin.
  1602 | D:3      | XOM: noise
  1607 | D:3      | XOM: confuse monster(s)
  1645 | D:3      | HP: 2/57 [adder (1)]
  1646 | D:3      | Slain by an adder

Illustrated notes

Levels and vault maps discovered:
D:1:      lemuel_arrival_cross, layout_basic, chequers_garden
D:2:      layout_basic, old_standard_altar
D:3:      layout_rooms, zin_scriptorium, serial_corexii_hall,
          chequers_hall_statues_corner_a, corexii_hall_statues_i,
          hangedman_decor_push, trog_three_pillars_becter

Skill      XL: |  1  2  3  4  5 |
---------------+----------------+-----
Fighting       | 5 |  5.3
Axes           | 1 |  1.4
Maces & Flails | 3 |  3.8
Staves         | 1 |  1.2
Throwing       | 1 |  1.2
Armour         | 1 |  1.0
Polearms       | |  0.1
Dodging        | |  2.7

Action                   |  1- 3 |  4- 6 || total
-------------------------+-------+-------++-------
Melee: Mace              |    16 |   129 ||   145
Throw: Large rock        |     1 |    10 ||    11
  Use: Scroll            |     6 |     2 ||     8
       Potion            |       |     5 ||     5
 Stab: Invisible         |       |     2 ||     2
       Sleeping          |       |     2 ||     2
Armor: Robe              |     3 |    80 ||    83
Dodge: Dodged            |     7 |   122 ||   129
